 Dungeon Crawl Stone Soup version 0.13.0-3-g966e3ec (webtiles) character file.

112 MirrMurr the Sneak (level 3, -1/16 HPs)
             Began as a Spriggan Enchanter on Oct 13, 2013.
             Slain by a goblin
             ... wielding a +1,+0 dwarven flail
              (6 damage)
             ... on Level 2 of the Dungeon.
             The game lasted 00:03:55 (1286 turns).

MirrMurr the Sneak (Spriggan Enchanter)             Turns: 1286, Time: 00:03:56

HP  -1/16        AC  3     Str  5      XL: 3   Next: 58%
MP   5/9         EV 18     Int 16      God:
Gold 61          SH  0     Dex 16      Spells:  2 memorised,  1 level left

Res.Fire  : . . .   See Invis. : +   a - +1 dagger {=f}
Res.Cold  : . . .   Warding    : .   b - +1 robe
Life Prot.: . . .   Conserve   : .   (shield restricted)
Res.Poison: .       Res.Corr.  : .   (helmet restricted)
Res.Elec. : .       Clarity    : .   (no cloak)
Sust.Abil.: . .     Spirit.Shd : .   (gloves unavailable)
Res.Mut.  : .       Stasis     : .   (boots unavailable)
Res.Rott. : .       Flight     : .   (no amulet)
Saprovore : . . .                    (no ring)
                                     (no ring)

@: very quick, slightly resistant to hostile enchantments, quite stealthy
A: unfitting armour, see invisible, herbivore 3, speed 3, slow metabolism 2
a: no special abilities


You were on level 2 of the Dungeon.
You were not hungry.

You visited 1 branch of the dungeon, and saw 2 of its levels.

You collected 41 gold pieces.

Inventory:

Hand weapons
 a - a +1,+1 dagger (weapon) {=f}
Missiles
 d - 12 darts (quivered)
Armour
 b - a +1 robe (worn)
Comestibles
 g - a bread ration
Scrolls
 f - a scroll of fog {unknown}
 k - a scroll of identify {unknown}
 m - a scroll of noise {unknown}
Jewellery
 j - a +4 ring of strength {unknown}
Potions
 e - a potion of porridge
 h - a potion of curing {unknown}
 i - a potion of degeneration {unknown}
 l - a potion of agility {unknown}
 n - a potion of heal wounds {unknown}
Books
 c - a book of Maledictions

   Spells                             Type                      Level
   *Corona                            Hexes                        1
   Sure Blade                         Hexes/Charms                 2
   *Ensorcelled Hibernation           Hexes/Ice                    2
   Confuse                            Hexes                        3
   Enslavement                        Hexes                        4
   Invisibility                       Hexes                        6


   Skills:
 + Level 1.4 Short Blades
 - Level 1.1 Throwing
 - Level 3.0 Dodging
 + Level 6.1 Stealth
 - Level 1.3 Spellcasting
 - Level 3.6 Hexes


You had one spell level left.
You knew the following spells:

 Your Spells              Type           Power        Failure   Level  Hunger
a - Ensorcelled Hibernat  Hex/Ice        #.....       17%         2    ###....
Z - Corona                Hex            ##.....      8%          1    ##.....


Dungeon Overview and Level Annotations

Branches:
Dungeon (2/27)

Altars:
the Shining One


Innate Abilities, Weirdness & Mutations

You are tiny and cannot use many weapons and most armour.
You have supernaturally acute eyesight.
You are a herbivore.
You cover ground extremely quickly.
You need consume almost no food.


Message History

The helpless adder fails to defend itself.
You impale the adder!!
You kill the adder!
Your Stealth skill increases to level 6!
You hit the quokka.
The quokka is heavily wounded.
The quokka barely misses you.
You hit the quokka.
You kill the quokka!
You hit the rat.
The rat is severely wounded.
The rat bites you but does no damage.
You hit the rat.
You kill the rat!
The goblin unwields an uncursed dwarven flail.
The goblin wields a sling.
The goblin shoots a stone.
The stone misses you.
The goblin unwields an uncursed sling.
The goblin wields an uncursed dwarven flail.
The goblin hits you with an uncursed dwarven flail.
You die...

#...........#
##.#########
########'####
##.....## #.##
##.#####.## #..#
#.##%[.##.#
##)####.#$.r..#.#
#..(...#S$b..#.#
#..#'#.#)...?#.#
....##)###w...##.#
######......#(%.@g#
###.########
.....+......##.###+
#.........).
######.......###
##.######### ......
#.# ..... # #.# #
#. ##.# #..####..#
#......+##
####.....#


You could see a worm, a goblin and a bat (sleeping).

Vanquished Creatures
  2 adders (D:2)
  A giant cockroach (D:1)
  4 hobgoblins
  3 kobolds
  2 quokkas (D:2)
  5 bats
  3 giant newts
  5 goblins
  6 rats
31 creatures vanquished.

Notes
Turn   | Place    | Note
--------------------------------------------------------------
     0 | D:1      | MirrMurr, the Spriggan Enchanter, began the quest for the Orb.
     0 | D:1      | Reached XP level 1. HP: 9/9 MP: 4/4
    67 | D:1      | Found a glowing golden altar of the Shining One.
   363 | D:1      | Reached skill level 4 in Stealth
   490 | D:1      | Reached XP level 2. HP: 13/13 MP: 6/6
   494 | D:1      | Learned a level 2 spell: Ensorcelled Hibernation
   801 | D:2      | Paralysed by a potion of paralysis for 3 turns
   913 | D:2      | Reached skill level 5 in Stealth
   925 | D:2      | Reached XP level 3. HP: 14/16 MP: 9/9
  1281 | D:2      | Reached skill level 6 in Stealth
  1286 | D:2      | Slain by a goblin

Action                   || total
-------------------------++-------
Melee: Dagger            ||   112
 Cast: Ensorcelled Hiber ||     2
  Use: Potion            ||     1
 Stab: Sleeping          ||     6
       Distracted        ||     1
